 Dungeon Crawl Stone Soup version 0.23-a0-582-g1b4a0ca (webtiles) character file.

20077 Firecrotchwizard the Severer (level 12, -12/115 HPs)
             Began as a Minotaur Gladiator on Dec 16, 2018.
             Was a Believer of Uskayaw.
             Mangled by a tyrant leech (16 damage)
             ... on level 3 of the Lair of Beasts.
             The game lasted 00:30:15 (16686 turns).

Firecrotchwizard the Severer (Minotaur Gladiator)  Turns: 16686, Time: 00:30:16

Health: -12/115    AC: 14    Str: 24    XL:     12   Next: 42%
Magic:  18/18      EV:  9    Int:  5    God:    Uskayaw [**....]
Gold:   690        SH:  0    Dex: 12    Spells: 11/11 levels left

rFire    x . .     SeeInvis .   a - +1 war axe
rCold    + . .     Gourm    .   (no shield)
rNeg     . . .     Faith    .   R - +0 plate armour
rPois    .         Spirit   .   c - +0 hat
rElec    .         Reflect  .   (no cloak)
rCorr    .         Harm     .   u - +1 pair of gloves
MR       +....                  (no boots)
Stlth    ..........             (no amulet)
HPRegen  0.29/turn              E - ring of protection from magic {MR+, !d}
MPRegen  0.16/turn              T - ring of ice {rC+, rF-}

@: no status effects
A: retaliatory headbutt, horns 2
a: Stomp, Line Pass, Renounce Religion


You were on level 3 of the Lair of Beasts.
You worshipped Uskayaw.
Uskayaw was aware of your devotion.
You were not hungry.

You visited 3 branches of the dungeon, and saw 15 of its levels.

You collected 690 gold pieces.

Inventory:

Hand Weapons
 a - a +1 war axe (weapon)
 L - a +0 trident
   (You took it off a centaur on level 8 of the Dungeon)
 M - a +0 trident
   (You took it off an orc warrior on level 8 of the Dungeon)
 S - a +1 whip of electrocution
   (You took it off a gnoll on level 2 of the Dungeon)
Missiles
 d - 6 throwing nets {=f, !d}
 p - 5 silver javelins (quivered)
 V - 7 curare-tipped needles
Armour
 b - a +0 leather armour
 c - a +0 hat (worn)
 s - a +0 ring mail
   (You found it on level 2 of the Dungeon)
 u - a +1 pair of gloves (worn)
   (You found it on level 3 of the Dungeon)
 w - a +0 chain mail
   (You found it on level 3 of the Dungeon)
 R - a +0 plate armour (worn)
   (You took it off an orc warrior on level 8 of the Dungeon)
Jewellery
 o - an uncursed ring of see invisible {sInv, !d}
   (You found it on level 2 of the Lair of Beasts)
 q - an uncursed amulet of rage {+Rage, !d}
   (You found it on level 2 of the Dungeon)
 C - an uncursed ring of resist corrosion
   (You found it on level 4 of the Dungeon)
 E - a ring of protection from magic (left hand) {MR+, !d}
   (You found it on level 5 of the Dungeon)
 N - an uncursed ring of magical power {MP+9}
   (You found it on level 9 of the Dungeon)
 T - a ring of ice (right hand) {rC+, rF-}
   (You found it on level 2 of the Lair of Beasts)
Wands
 e - a wand of paralysis (7)
   (You found it on level 7 of the Dungeon)
 D - a wand of scattershot (3)
   (You found it on level 8 of the Dungeon)
 J - a wand of flame (13)
   (You took it off Blork the orc on level 6 of the Dungeon)
Scrolls
 j - 2 scrolls of immolation {!r}
 m - 2 scrolls of identify
 t - 4 scrolls of remove curse
 v - 2 scrolls of amnesia
 y - a scroll of random uselessness
 B - 9 scrolls of teleportation
 I - a scroll of vulnerability {!r!r}
 O - a scroll of fear
 Q - 2 scrolls of summoning
 U - a scroll of enchant weapon
Potions
 g - a potion of invisibility {unknown}
 h - 2 potions of ambrosia
 i - a potion of degeneration {unknown}
 k - 2 potions of agility {unknown}
 l - a potion of cancellation {unknown}
 n - 2 potions of berserk rage {!q}
 r - 3 potions of curing
 z - a potion of haste
 A - 3 potions of mutation {!q}
 G - a potion of heal wounds {unknown}
 H - 2 potions of might
 K - a potion of lignification {!q}
 P - a potion of brilliance {unknown}
Miscellaneous
 x - a lamp of fire
   (You found it on level 10 of the Dungeon)
 F - a sack of spiders
Comestibles
 f - 34 rations


   Skills:
 + Level 13.0 Fighting
 + Level 15.9 Axes
 - Level 2.0 Throwing
 - Level 4.6 Armour
 - Level 5.0 Dodging
   Level 0.8 Shields
 + Level 9.7 Invocations


You had 11 spell levels left.
You didn't know any spells.
Your spell library contained the following spells:

 Spells                   Type           Power        Failure   Level  Hunger
 Corona                   Hex            #......      100%        1    ##.....
 Shock                    Conj/Air       #...         100%        1    ##.....
 Ensorcelled Hibernation  Hex/Ice        #.....       100%        2    ###....
 Slow                     Hex            #.......     100%        2    ###....
 Swiftness                Chrm/Air       #.......     100%        2    ###....
 Confuse                  Hex            #.......     100%        3    ####...
 Dazzling Spray           Conj/Hex       #.....       100%        3    ####...
 Inner Flame              Hex/Fire       #.......     100%        3    ####...
 Portal Projectile        Hex/Tloc       #.....       100%        3    ####...
 Static Discharge         Conj/Air       #.......     100%        3    ####...
 Tukima's Dance           Hex            #.......     100%        3    ####...
 Airstrike                Air            #.........   100%        4    #####..
 Cause Fear               Hex            #.........   100%        4    #####..
 Leda's Liquefaction      Hex/Erth       #.........   100%        4    #####..
 Lightning Bolt           Conj/Air       #.........   100%        5    ######.


Dungeon Overview and Level Annotations

Branches:
Dungeon (11/15)            Temple (1/1) D:5            Lair (3/6) D:9
  Swamp: Lair:2-4    Shoals: Lair:2-4     Snake: Lair:2-4    Spider: Lair:2-4
    Orc: D:9-12

Altars:
Ashenzari
Cheibriados
Dithmenos
Elyvilon
Fedhas
Gozag
Hepliaklqana
Kikubaaqudgha
Makhleb
Nemelex Xobeh
Okawaru
Qazlal
Ru
Sif Muna
Trog
Uskayaw
Vehumet
Wu Jian
Xom
Yredelemnul
Zin
The Shining One

Annotations:
D:6 1 runed door
Lair:1 exclusion: oklob plant
Lair:3 1 transporter, Snicker's ghost, journeyman TrTm


Innate Abilities, Weirdness & Mutations

You reflexively headbutt those who attack you in melee.
You have a pair of horns on your head.


Message History

You kill the elephant!
You slash the plant!
You destroy the plant!
You slash the elephant!
You kill the elephant!
Your Fighting skill increases to level 13!
You see here an elephant corpse.
You butcher the elephant corpse.
V - 13 chunks of flesh {@w0} (gained 5)
You see here an elephant skeleton.
You start resting.
Eating one of 13 chunks of flesh {@w0}.
You eat one of the 13 chunks of flesh {@w0}.
You can no longer merge with and destroy a victim.
Uskayaw will no longer force your foes to share their pain.
Uskayaw will no longer force your foes to helplessly watch your dance.
You can no longer pass through a line of other dancers.
A tyrant leech comes into view.
You regained 9 hp, and now have 25/115 hp.
You see here an elephant skeleton.
You open the door.
There is an open door here.
You close the door.
You start resting.
Some of the chunks of flesh in your inventory have rotted away.
All of the chunks of flesh in your inventory have rotted away.
You are feeling hungry.
You regained 64 hp, and now have 102/115 hp.
You start resting.
Health restored: 115 You eat one of the 35 rations.
That ration really hit the spot!
There is a stone staircase leading down here.
You see here 22 stones.
The tyrant leech is too close now for your liking.
You see here 7 curare-tipped needles.
V - 7 curare-tipped needles The tyrant leech barely misses you.
You furiously retaliate!
You headbutt the tyrant leech, but do no damage.
You closely miss the tyrant leech. The tyrant leech closely misses you.
Your plate armour prevents you from hitting the tyrant leech.
You hit the tyrant leech. The tyrant leech bites you!
The tyrant leech draws strength from your injuries!
You take 10 damage, and have 105/115 hp.
You closely miss the tyrant leech.
You hit the tyrant leech but do no damage.
You headbutt the tyrant leech.
The tyrant leech bites you but does no damage.
You hit the tyrant leech but do no damage.
Your headbutt misses the tyrant leech. You miss the tyrant leech.
The tyrant leech bites you!!
The tyrant leech draws strength from your injuries!
You take 18 damage, and have 87/115 hp.
You barely miss the tyrant leech.
You hit the tyrant leech but do no damage.
The tyrant leech bites you!
The tyrant leech draws strength from your injuries!
You take 17 damage, and have 71/115 hp.
You hit the tyrant leech but do no damage.
Your headbutt misses the tyrant leech. The tyrant leech bites you.
The tyrant leech draws strength from your injuries!
You take 5 damage, and have 66/115 hp.
You hit the tyrant leech. You closely miss the tyrant leech.
The tyrant leech bites you!
The tyrant leech draws strength from your injuries!
You take 8 damage, and have 58/115 hp.
You closely miss the tyrant leech. You headbutt the tyrant leech!
You hit the tyrant leech. You headbutt the tyrant leech!
The tyrant leech bites you.
The tyrant leech draws strength from your injuries!
You take 6 damage, and have 53/115 hp.
You miss the tyrant leech. You headbutt the tyrant leech!
You can now pass through a line of other dancers.
You closely miss the tyrant leech.
The tyrant leech bites you but does no damage.
You hit the tyrant leech. Your headbutt misses the tyrant leech.
The tyrant leech bites you!!
* * * LOW HITPOINT WARNING * * *
The tyrant leech draws strength from your injuries!
You take 21 damage, and have 32/115 hp.
Your plate armour prevents you from hitting the tyrant leech.
Your plate armour prevents you from hitting the tyrant leech.
You headbutt the tyrant leech. The tyrant leech bites you.
* * * LOW HITPOINT WARNING * * *
The tyrant leech draws strength from your injuries!
You take 4 damage, and have 28/115 hp.
You closely miss the tyrant leech. You slice the tyrant leech!!
Your headbutt misses the tyrant leech.
The tyrant leech bites you but does no damage.
You closely miss the tyrant leech. You closely miss the tyrant leech.
You headbutt the tyrant leech, but do no damage.
The tyrant leech bites you!!
* * * LOW HITPOINT WARNING * * *
The tyrant leech draws strength from your injuries!
You take 25 damage, and have 4/115 hp.
MASSIVE DAMAGE!!
You closely miss the tyrant leech. You hit the tyrant leech.
Your headbutt misses the tyrant leech.
The tyrant leech bites you but does no damage.
You miss the tyrant leech. The tyrant leech bites you!
You die...

#...## ##..#.####.#.P#
#...# ###...## ##..##
#...# #.#..## ##..#
##..####...^.## ###..##
.#...........#.##.#..##
......................#
.....#.####..........##
#P...### .#..........#
#.....# #......@....#
##....# ##.....w.....#
##....####......(.....#
......P#..P..........##
.....................#
#....................#
.##..#.###P..#P.##.###
................ ##
.#....#####


You could see a tyrant leech.

Vanquished Creatures
  A hydra (Lair:1)
  Harold (D:7)
  Erica (D:10)
  A two-headed ogre (D:10)
  A manticore (D:10)
  11 elephants
  3 black mambas
  3 spiny frogs
  3 komodo dragons
  Grinder (D:3)
  3 hippogriffs
  A hornet (D:5)
  5 blink frogs (Lair:1)
  A wyvern (D:8)
  18 yaks
  Grum (D:10)
  A hungry ghost (D:8)
  2 basilisks
  7 water moccasins
  3 porcupines
  A soldier ant (D:10)
  An ice beast (D:6)
  An orc warrior (D:8)
  A sky beast (D:10)
  3 phantoms
  5 ogres
  3 black bears
  2 wolves (D:10)
  4 centaurs
  8 crocodiles
  Blork the orc (D:6)
  7 bullfrogs
  A scorpion (D:6)
  A water moccasin skeleton (D:6)
  5 killer bees (D:9)
  A howler monkey (D:4)
  4 crimson imps
  2 centaur zombies
  4 hounds
  6 orc wizards
  A quasit (D:10)
  A gnoll shaman (D:4)
  An orc priest (D:5)
  A jelly (D:6)
  A bullfrog skeleton (D:4)
  A centaur skeleton (D:9)
  Jessica (D:3)
  3 iguanas
  2 hell rats (Lair:3)
  6 worker ants
  12 gnolls
  A howler monkey skeleton (D:6)
  6 adders
  5 river rats (Lair:3)
  3 shadow imps
  2 adder zombies
  3 worms
  2 dart slugs
  8 leopard geckos
  15 orcs
  7 giant cockroaches
  5 goblins
  7 hobgoblins
  29 jackals
  3 quokkas
  A ball python (D:2)
  4 bats
  3 frilled lizards
  10 kobolds
  2 quokka skeletons
  A quokka zombie (D:5)
  8 rats
  A butterfly (Lair:3)
  2 fungi
  A plant (Lair:3)
288 creatures vanquished.

Vanquished Creatures (others)
  A fungus (Lair:1)
1 creature vanquished.

Grand Total: 289 creatures vanquished

Notes
Turn   | Place    | Note
-------+----------+-------------------------------------------
     0 | D:1      | Firecrotchwizard the Minotaur Gladiator began the quest for
                  | the Orb.
     0 | D:1      | Reached XP level 1. HP: 18/18 MP: 0/0
   137 | D:1      | Reached skill level 4 in Axes
   137 | D:1      | Reached XP level 2. HP: 21/25 MP: 1/1
   501 | D:1      | Reached skill level 3 in Fighting
   692 | D:2      | Reached XP level 3. HP: 31/31 MP: 2/2
   848 | D:2      | Found a shadowy altar of Dithmenos.
  1314 | D:2      | Reached skill level 5 in Axes
  1314 | D:2      | Reached XP level 4. HP: 13/38 MP: 3/3
  1526 | D:3      | HP: 6/38 [gnoll/+0 spear (5)]
  1527 | D:3      | HP: 2/38 [gnoll/+0 spear (2)]
  1528 | D:3      | Reached skill level 4 in Dodging
  1875 | D:3      | Found a faded altar of an unknown god.
  1921 | D:3      | Noticed Jessica
  1925 | D:3      | Killed Jessica
  2188 | D:3      | Reached XP level 5. HP: 46/46 MP: 4/4
  2252 | D:3      | Noticed Grinder
  2264 | D:3      | Killed Grinder
  2264 | D:3      | Reached skill level 4 in Fighting
  2264 | D:3      | Reached skill level 6 in Axes
  2264 | D:3      | Reached XP level 6. HP: 34/53 MP: 5/5
  2873 | D:4      | Reached skill level 5 in Dodging
  2881 | D:4      | Reached skill level 7 in Axes
  3092 | D:4      | Found a bloodstained altar of Trog.
  3139 | D:4      | Reached skill level 1 in Armour
  3240 | D:4      | Reached skill level 5 in Fighting
  3240 | D:4      | Reached XP level 7. HP: 25/61 MP: 6/6
  3693 | D:4      | Reached skill level 2 in Armour
  4076 | D:4      | Reached skill level 8 in Axes
  4145 | D:5      | Entered Level 5 of the Dungeon
  4170 | D:5      | Reached skill level 3 in Armour
  4268 | D:5      | Found a deep blue altar of Sif Muna.
  4293 | D:5      | Found an iron altar of Okawaru.
  4298 | D:5      | Reached skill level 6 in Fighting
  4298 | D:5      | Reached XP level 8. HP: 54/70 MP: 7/7
  4637 | D:5      | Reached skill level 9 in Axes
  4854 | D:5      | Found a staircase to the Ecumenical Temple.
  4863 | Temple   | Entered the Ecumenical Temple
  4900 | Temple   | Became a worshipper of Uskayaw the Reveler
  4963 | D:6      | Noticed a hornet
  4965 | D:6      | Paralysed by a hornet for 2 turns
  4968 | D:5      | HP: 16/70 [hornet (9)]
  4969 | D:5      | Reached * piety under Uskayaw
  4971 | D:5      | Killed a hornet
  4971 | D:5      | Reached skill level 4 in Armour
  4971 | D:5      | Reached ** piety under Uskayaw
  4972 | D:5      | HP: 6/71 [poisoned by a hornet]
  5279 | D:6      | Reached *** piety under Uskayaw
  5421 | D:6      | Noticed Blork the orc
  5432 | D:6      | Killed Blork the orc
  5471 | D:6      | Reached skill level 7 in Fighting
  5471 | D:6      | Reached skill level 10 in Axes
  5471 | D:6      | Reached skill level 1 in Invocations
  5943 | D:6      | Found a runed door.
  6210 | D:7      | Reached skill level 2 in Invocations
  6212 | D:7      | Reached XP level 9. HP: 79/79 MP: 9/9
  6484 | D:7      | Noticed Harold
  6500 | D:7      | HP: 19/79 [Harold/+0 long sword (7)]
  6503 | D:7      | HP: 6/79 [Harold/+0 long sword (13)]
  6504 | D:7      | Killed Harold
  6504 | D:7      | Reached skill level 8 in Fighting
  6504 | D:7      | Reached skill level 11 in Axes
  6504 | D:7      | Reached skill level 3 in Invocations
  7146 | D:7      | Found a bloodstained altar of Trog.
  7369 | D:8      | Reached skill level 4 in Invocations
  7373 | D:8      | Reached **** piety under Uskayaw
  7383 | D:8      | Reached ***** piety under Uskayaw
  7466 | D:8      | Reached skill level 12 in Axes
  7720 | D:8      | HP: 9/82 [orc warrior/+0 trident (17)]
  7725 | D:8      | HP: 2/82 [orc wizard/magic dart (8)]
  8282 | D:8      | Reached skill level 9 in Fighting
  8282 | D:8      | Reached XP level 10. HP: 71/91 MP: 12/12
  8592 | D:9      | Noticed an elephant
  8618 | D:8      | Killed an elephant
  8618 | D:8      | Reached skill level 5 in Invocations
  8988 | D:9      | Reached skill level 13 in Axes
  9114 | D:9      | Found a staircase to the Lair.
 10148 | D:10     | Entered Level 10 of the Dungeon
 10298 | D:10     | Noticed Erica
 10308 | D:10     | Killed Erica
 10308 | D:10     | Reached skill level 10 in Fighting
 10308 | D:10     | Reached skill level 6 in Invocations
 10349 | D:10     | Noticed a manticore
 10357 | D:10     | HP: 20/93 [manticore/volley of spikes (19)]
 10359 | D:10     | HP: 2/93 [manticore (19)]
 10361 | D:10     | Killed a manticore
 10892 | D:10     | Noticed a two-headed ogre
 10904 | D:10     | Killed a two-headed ogre
 10904 | D:10     | Reached skill level 14 in Axes
 11065 | D:10     | Reached XP level 11. HP: 81/101 MP: 14/14
 11191 | D:10     | Noticed Grum
 11200 | D:10     | Killed Grum
 11387 | D:10     | Found a sparkling altar of Nemelex Xobeh.
 11468 | Lair:1   | Entered Level 1 of the Lair of Beasts
 12019 | Lair:1   | Reached skill level 7 in Invocations
 12442 | Lair:1   | Noticed an oklob plant
 12818 | Lair:1   | Reached skill level 11 in Fighting
 13403 | Lair:1   | Noticed a four-headed hydra
 13410 | Lair:1   | Killed a four-headed hydra
 13596 | Lair:1   | Reached skill level 8 in Invocations
 13707 | Lair:2   | Reached skill level 15 in Axes
 14262 | Lair:2   | Reached skill level 12 in Fighting
 14716 | Lair:2   | Reached XP level 12. HP: 57/112 MP: 17/17
 14733 | Lair:2   | HP: 28/112 [poisoned by a black mamba]
 14739 | Lair:2   | HP: 25/112 [poisoned by a black mamba]
 14744 | Lair:2   | HP: 23/112 [poisoned by a black mamba]
 14749 | Lair:2   | HP: 22/112 [poisoned by a black mamba]
 14756 | Lair:2   | HP: 22/112 [poisoned by a black mamba]
 14764 | Lair:2   | HP: 23/112 [poisoned by a black mamba]
 15461 | Lair:3   | Found a transporter.
 15465 | Lair:3   | Noticed Snicker's ghost (journeyman TrTm)
 15474 | Lair:3   | Noticed a four-headed hydra
 15639 | Lair:3   | Reached skill level 9 in Invocations
 15814 | Lair:3   | HP: 18/113 [spiny frog (17)]
 16218 | Lair:3   | Reached ****** piety under Uskayaw
 16220 | Lair:3   | HP: 27/113 [elephant (3)]
 16226 | Lair:3   | Reached skill level 13 in Fighting
 16679 | Lair:3   | HP: 28/115 [tyrant leech (4)]
 16683 | Lair:3   | HP: 4/115 [tyrant leech (25)]
 16686 | Lair:3   | Mangled by a tyrant leech

Vault maps used:
D:1:      minmay_arrival_open_corners, minmay_misc_feat_secret_circle
D:2:      nicolae_dithmenos_shadow_blocks
D:3:      chequers_ecumenical_altar_island, uniq_jessica, uniq_grinder
D:4:      minmay_chambers_of_fours, chequers_serial_rivers_micro_b, trog_book
D:5:      lemuel_temple_firewalk_b, first_ration, basic_altar,
          kennysheep_okawaru_gauntlet
D:6:      uniq_blork_the_orc, uniq_crazy_yiuf_cottage
D:7:      basic_altar, uniq_harold
D:9:      david_lair_generic, grunt_ogre_cave
D:10:     nrook_mini_backslash, nemelex_diamond_rough_becter, uniq_grum,
          uniq_erica
D:11:     minmay_the_grid_triangle_9x9_recursive_2_mashed, uniq_gastronok,
          uniq_snorg
Temple:   nicolae_temple_the_god_donut
Lair:1:   minmay_lair_oklob_chamber
Lair:2:   grunt_megastairs_5
Lair:3:   minmay_swamp_entry_worms, gammafunk_ghost_arena,
          gauntlet_entry_generic, kennysheep_abandoned_house,
          lemuel_fruit_fields

Skill      XL: |  1  2  3  4  5  6  7  8  9 10 11 12 |
---------------+-------------------------------------+-----
Axes           | 4 5 6 7 8 10 12 14 15 | 15.9
Fighting       | 3 4 5 6 7 9 10 12 13 | 13.0
Dodging        | 4 5 |  5.0
Armour         | 1 3 4 |  4.6
Invocations    | 2 4 6 8 9 |  9.7
Throwing       | |  2.0
Shields        | |  0.8

Action                   |  1- 3 |  4- 6 |  7- 9 | 10-12 || total
-------------------------+-------+-------+-------+-------++-------
Melee: War axe           |    78 |    85 |   216 |   410 ||   789
       Headbutt          |    14 |     8 |    45 |   105 ||   172
       Whip              |       |       |       |    58 ||    58
Throw: Tomahawk          |       |    33 |    33 |     6 ||    72
       Javelin           |       |     3 |    24 |    18 ||    45
Invok: Line Pass         |       |       |     1 |       ||     1
Evoke: Wand              |       |       |       |    10 ||    10
       Lamp of fire      |       |       |       |     1 ||     1
       Sack of spiders   |       |       |       |     1 ||     1
  Use: Scroll            |       |     2 |    16 |     7 ||    25
       Potion            |       |       |     2 |     1 ||     3
 Stab: Paralysed         |       |       |     7 |    57 ||    64
       Confused          |       |       |     1 |       ||     1
  Eat: Chunk             |     1 |     6 |    17 |    17 ||    41
       Ration            |       |       |       |     5 ||     5
Armor: Leather armour    |    19 |       |       |       ||    19
       Ring mail         |     3 |    15 |       |       ||    18
       Chain mail        |       |    12 |   122 |    44 ||   178
       Plate armour      |       |       |       |   177 ||   177
Dodge: Dodged            |    76 |    57 |    94 |   161 ||   388
Block: Shield            |       |       |       |     3 ||     3

Table legend:
 A = Non-vault XP
 B = Vault XP
 C = Vault XP percentage of total XP
 D = Non-vault monster count
 E = Vault monster count
 F = Vault count percentage of total count
                 A         B        C        D         E       F
            +---------+---------+-------+---------+---------+-------
      Total |   23285 |    5397 |  18.8 |     250 |      34 |  12.0
            +---------+---------+-------+---------+---------+-------
        D:1 |      39 |       0 |   0.0 |      20 |       0 |   0.0
        D:2 |      53 |       0 |   0.0 |      20 |       0 |   0.0
        D:3 |     113 |     323 |  74.1 |      26 |       2 |   7.1
        D:4 |     614 |      33 |   5.1 |      21 |       1 |   4.5
        D:5 |     800 |       0 |   0.0 |      17 |       0 |   0.0
        D:6 |     587 |      91 |  13.4 |      11 |       1 |   8.3
        D:7 |     714 |     955 |  57.2 |      14 |       1 |   6.7
        D:8 |    1498 |     511 |  25.4 |      26 |       1 |   3.7
        D:9 |     952 |     628 |  39.7 |      20 |       4 |  16.7
       D:10 |    2293 |    1343 |  36.9 |      19 |       4 |  17.4
     Lair:1 |    6254 |       0 |   0.0 |      20 |       0 |   0.0
     Lair:2 |    3528 |     921 |  20.7 |      14 |       5 |  26.3
     Lair:3 |    5840 |     592 |   9.2 |      22 |      15 |  40.5
            +---------+---------+-------+---------+---------+-------

Vault maps used:
D:1:      minmay_arrival_open_corners, minmay_misc_feat_secret_circle
D:2:      nicolae_dithmenos_shadow_blocks
D:3:      chequers_ecumenical_altar_island, uniq_jessica, uniq_grinder
D:4:      minmay_chambers_of_fours, chequers_serial_rivers_micro_b, trog_book
D:5:      lemuel_temple_firewalk_b, first_ration, basic_altar,
          kennysheep_okawaru_gauntlet
D:6:      uniq_blork_the_orc, uniq_crazy_yiuf_cottage
D:7:      basic_altar, uniq_harold
D:9:      david_lair_generic, grunt_ogre_cave
D:10:     nrook_mini_backslash, nemelex_diamond_rough_becter, uniq_grum,
          uniq_erica
D:11:     minmay_the_grid_triangle_9x9_recursive_2_mashed, uniq_gastronok,
          uniq_snorg
Temple:   nicolae_temple_the_god_donut
Lair:1:   minmay_lair_oklob_chamber
Lair:2:   grunt_megastairs_5
Lair:3:   minmay_swamp_entry_worms, gammafunk_ghost_arena,
          gauntlet_entry_generic, kennysheep_abandoned_house,
          lemuel_fruit_fields

Table legend:
 A = Turns spent in this place as a percentage of turns spent in the entire game.
 B = Non-inter-level travel turns spent in this place as a percentage of non-inter-level travel turns spent in the entire game.
 C = Inter-level travel turns spent in this place as a percentage of turns spent in this place.
 D = Turns resting spent in this place as a percentage of non-inter-level travel turns spent in this place.
 E = Turns spent auto-exploring this place as a percentage of non-inter-level travel turns spent in this place.
 F = Non-inter-level travel turns spent in this place divided by the number of levels of this place that you've seen.
                   A       B       C       D       E      F
               +-------+-------+-------+-------+-------+----------------------
         Total | 100.0 | 100.0 |   4.0 |  40.5 |  45.5 | 1067.9
       Dungeon |  68.4 |  67.5 |   5.3 |  34.6 |  50.4 | 983.1
        Temple |   0.3 |   0.2 |  25.5 |   0.0 |  84.2 |  38.0
          Lair |  31.3 |  32.3 |   1.0 |  53.1 |  34.9 | 1722.0
               +-------+-------+-------+-------+-------+----------------------

Table legend:
 A = Kills in this place as a percentage of kills in entire the game.
 B = Kills by you in this place as a percentage of kills by you in the entire game.
 C = Kills by friends in this place as a percentage of kills by friends in the entire game.
 D = Other kills in this place as a percentage of other kills in the entire game.
 E = Experience gained in this place as a percentage of experience gained in the entire game.
 F = Experience gained in this place divided by the number of levels of this place that you have seen.
                   A       B       C       D       E      F
               +-------+-------+-------+-------+-------+----------------------
         Total | 100.0 | 100.0 |   N/A |   N/A | 100.0 | 1912.1
       Dungeon |  73.2 |  73.2 |   N/A |   N/A |  40.3 | 1049.7
          Lair |  26.8 |  26.8 |   N/A |   N/A |  59.7 | 5711.7
               +-------+-------+-------+-------+-------+----------------------
